 Dungeon Crawl Stone Soup version 0.29-a0-234-g0dae59b3db (webtiles) character file.

Game seed: 2752736991816855050

1019 siradein the Purveyor of Pain (level 8, -12/58 HPs)
             Began as a Ghoul Necromancer on Mar 2, 2022.
             Was an Initiate of Kikubaaqudgha.
             Mangled by an orc wizard
             ... wielding a +1 dagger of electrocution
              (19 damage)
             ... on level 6 of the Dungeon.
             The game lasted 00:14:30 (8394 turns).

siradein the Purveyor of Pain (Ghoul Necromancer)   Turns: 8394, Time: 00:14:30

Health: -12/58     AC:  9    Str: 16    XL:     8   Next: 22%
Magic:  13/13      EV: 10    Int: 18    God:    Kikubaaqudgha [......]
Gold:   300        SH:  0    Dex:  9    Spells: 7/15 levels left

rFire   . . .      SeeInvis .   m - +2 flail (vorpal)
rCold   + + .      Faith    +   t - +0 buckler
rNeg    + + +      Spirit   .   x - +3 ring mail of Mental Paralysis {Will- Int+6}
rPois   ∞          Reflect  .   (no helmet)
rElec   .          Harm     .   w - +0 cloak
rCorr   .          Rampage  .   (no gloves)
Will    .....                   (no boots)
Stlth   ..........              p - amulet of Tiuner {Faith Str+4}
HPRegen 0.00/turn               h - ring of protection from cold
MPRegen 0.13/turn               (no ring)

@: confused, inhibited regen
A: claws 1, cold resistance 1, negative energy resistance 3, inhibited
regeneration, torment resistance 2
a: Renounce Religion


You were on level 6 of the Dungeon.
You worshipped Kikubaaqudgha.
Kikubaaqudgha was noncommittal.
You visited 2 branches of the dungeon, and saw 7 of its levels.

You collected 300 gold pieces.

Inventory:

Hand Weapons
 m - a +2 vorpal flail (weapon)
Armour
 t - a +0 buckler (worn)
 w - a +0 cloak (worn)
 x - the +3 ring mail of Mental Paralysis (worn) {Will- Int+6}
   (You found it on level 5 of the Dungeon)

   Int:       It affects your intelligence (+6).
   Will:      It decreases your willpower.
Jewellery
 h - a ring of protection from cold (left claw)
 p - the amulet of Tiuner (around neck) {Faith Str+4}
   (You found it on level 3 of the Dungeon)

   [amulet of faith]

   It allows you to gain divine favour quickly.
   Str:       It affects your strength (+4).
Wands
 q - a wand of iceblast (3)
 v - a wand of digging (5)
Scrolls
 a - a scroll of enchant weapon {unknown}
 c - a scroll of vulnerability {unknown}
 n - a scroll of fog {unknown}
 o - a scroll of torment {unknown}
 r - a scroll of immolation {unknown}
 u - 2 scrolls of noise {unknown}
Potions
 b - 2 potions of resistance
 d - 2 potions of ambrosia
 f - a potion of lignification {unknown}
 i - a potion of flight
 j - a potion of curing
 k - a potion of might {unknown}
 l - a potion of degeneration {unknown}
 s - a potion of attraction {unknown}


   Skills:
 + Level 0.9 Fighting
 + Level 2.6 Maces & Flails
 + Level 2.3 Armour
 + Level 3.1 Dodging
 - Level 2.1 Stealth
 + Level 2.3 Shields
 + Level 4.4 Spellcasting
 + Level 6.3 Necromancy


You had 7 spell levels left.
You knew the following spells:

 Your Spells              Type           Power      Damage    Failure   Level
a - Pain                  Necr           100%       1d9       2%          1
b - Vampiric Draining     Necr           26%        2d7       8%          3
c - Animate Dead          Necr           13%        N/A       26%         4

Your spell library contained the following spells:

 Spells                   Type           Power      Damage    Failure   Level
 Animate Skeleton         Necr           52%        N/A       2%          1
 Blink                    Tloc           6%         N/A       45%         2
 Agony                    Necr           26%        N/A       56%         5
 Lesser Beckoning         Tloc           3%         N/A       71%         3
 Hailstorm                Conj/Ice       3%         3d3       98%         4
 Manifold Assault         Tloc           3%         N/A       100%        5
 Simulacrum               Ice/Necr       7%         N/A       100%        6
 Ice Form                 Ice/Tmut       Unusable   N/A       N/A         4

Dungeon Overview and Level Annotations

Branches:
Dungeon (6/15)             Temple (1/1) D:5

Altars:
Ashenzari
Cheibriados
Dithmenos
Elyvilon
Fedhas
Gozag
Hepliaklqana
Kikubaaqudgha
Makhleb
Nemelex Xobeh
Qazlal
Ru
Sif Muna
Uskayaw
Vehumet
Wu Jian


Innate Abilities, Weirdness & Mutations

You thrive by killing the living.
You are immune to poison.
You have sharp fingernails.
Your flesh is cold resistant. (rC+)
You are immune to negative energy. (rN+++)
You do not regenerate when monsters are visible.
You are immune to unholy pain and torment.


Message History

Something writhes in agony!
Kikubaaqudgha accepts your kill.
Reactivating autopickup.
You feel a bit more experienced.
Items here: ! ) ? [.
The orc wizard shouts!
You can't see any susceptible monsters within range! (Use Z to cast anyway.)
You can't see any susceptible monsters within range! (Use Z to cast anyway.)
The orc wizard mumbles some strange words.
The orc wizard flickers and vanishes!
Deactivating autopickup; reactivate with Ctrl-A.
You can't see any susceptible monsters within range! (Use Z to cast anyway.)
Casting: Pain (safe; 2% risk of failure)
Confirm with . or Enter, or press ? or * to list all spells.
Aiming: Pain (safe; 2% risk of failure)
Press: ? - help, Shift-Dir - straight line, f - you
Okay, then.
You are confused.
You bump into the rock wall.
You bump into the rock wall.
You are more confused.
You bump into the rock wall.
You bump into the rock wall.
Something hits you but does no damage.
You are electrocuted!
You bump into the rock wall.
Something hits you but does no damage.
You miss something. Something hits you but does no damage.
You are electrocuted!
You hear some strange, mumbled words.
You are more confused.
You're too confused to cast spells.
You miss something. Something hits you but does no damage.
You closely miss something. Something completely misses you.
You bump into the rock wall.
Something hits you. Something hits you but does no damage.
You are electrocuted!!
* * * LOW HITPOINT WARNING * * *
You bump into the rock wall.
Something hits you but does no damage.
You bump into the rock wall.
Something hits you but does no damage.
You are electrocuted!!
You die...
Kikubaaqudgha rasps: "You have failed me!
Welcome... oblivion!"

.....#
#.#.#.###.#.##.##
.....#
##...#............
.....#
#...........<.....
.....#######
##.....##....#.#..
...........#
#.#.#.##..#.# #
.....###.#.#
#.#.#.##..#)# .....#
#.#.# #.#.#.##..#.#
#....#
###.######.#...##..#.#
#.####
#......@.###.##.....
#.########..#######
#.###.#.#
#.......##..# #..
#.###.####..# ..
......# #..# ..
#####.####..#
............#
#####.#####.# #.# #.#


There were no monsters in sight!

Vanquished Creatures
  2 sky beasts
  An ogre (D:6)
  A bullfrog (D:5)
  3 scorpions
  2 jellies (D:5)
  2 orc priests (D:5)
  A hound (D:5)
  An iguana (D:4)
  6 orc wizards
  4 gnolls
  5 adders
  An ufetubus (D:6)
  A dart slug (D:3)
  13 orcs
  3 bats
  2 endoplasms (D:1)
  4 giant cockroaches
  7 goblins
  8 hobgoblins
  4 jackals (D:4)
  5 kobolds
  3 quokkas
  4 ball pythons
  4 frilled lizards
  4 rats
91 creatures vanquished.

Vanquished Creatures (others)
  An orc wizard (D:4)
1 creature vanquished.

Grand Total: 92 creatures vanquished

Notes
Turn   | Place    | Note
-------+----------+-------------------------------------------
     0 | D:1      | siradein the Ghoul Necromancer began the quest for the Orb.
     0 | D:1      | Reached XP level 1. HP: 14/14 MP: 2/2
   458 | D:1      | Reached XP level 2. HP: 20/20 MP: 0/4
  1418 | D:1      | Reached XP level 3. HP: 7/26 MP: 0/5
  1834 | D:2      | Found a faded altar of an unknown god.
  1890 | D:2      | Identified the +7 rapier of Tami {holy, Str+2}
  2418 | D:2      | Reached XP level 4. HP: 33/33 MP: 3/7
  2425 | D:2      | Learned a level 3 spell: Vampiric Draining
  2524 | D:2      | Learned a level 4 spell: Animate Dead
  2815 | D:2      | Reached skill level 5 in Necromancy
  3275 | D:3      | Reached XP level 5. HP: 20/38 MP: 2/8
  3431 | D:3      | Identified the amulet of Tiuner {Faith Str+4}
  3537 | D:3      | Found a snail-covered altar of Cheibriados.
  3641 | D:3      | Found a burning altar of Makhleb.
  4839 | D:4      | Reached XP level 6. HP: 45/45 MP: 6/10
  5133 | D:4      | Found a stormy altar of Qazlal.
  5417 | D:5      | Entered Level 5 of the Dungeon
  5417 | D:5      | Noticed a sky beast
  5417 | D:5      | Found a sparkling altar of Nemelex Xobeh.
  5434 | D:4      | HP: 2/45 [something (6)]
  5436 | D:4      | Killed a sky beast
  5437 | D:4      | Reached skill level 1 in Maces & Flails
  5752 | D:5      | Reached skill level 1 in Shields
  5826 | D:5      | Reached skill level 1 in Armour
  5892 | D:5      | Reached XP level 7. HP: 50/50 MP: 5/11
  6054 | D:5      | Found a staircase to the Ecumenical Temple.
  6054 | D:5      | Identified the +3 ring mail of Mental Paralysis {Will-
                  | Int+6}
  6073 | Temple   | Entered the Ecumenical Temple
  6456 | Temple   | Became a worshipper of Kikubaaqudgha
  6722 | D:5      | Reached skill level 6 in Necromancy
  7800 | D:5      | Reached XP level 8. HP: 43/58 MP: 7/13
  8394 | D:6      | Mangled by an orc wizard

Illustrated notes

Levels and vault maps discovered:
D:1:      co_arrival_random_square_maze, layout_basic
D:2:      layout_basic, shapermc_ecumenical_altar_totnotflames, grunt_decor_cap,
          amcnicky_mini_rare_corridor_liquid
D:3:      layout_loops_ring, grunt_temple_overflow_champion_of_chaos,
          mainiacjoe_overflow_small_starburst
D:4:      layout_loops_ring, grunt_qazlal_clouds
D:5:      layout_rooms, nemelex_xobeh_ov_fountains_minmay, temple_statues,
          minmay_statues_item
D:6:      layout_basic, tso_altar, mainiacjoe_overflow_boulevard
Temple:   minmay_temple_forest_path

Skill      XL: |  1  2  3  4  5  6  7  8 |
---------------+-------------------------+-----
Spellcasting   | 2 3 4 |  4.4
Necromancy     | 5 6 |  6.3
Maces & Flails | 1 2 |  2.6
Dodging        | 2 3 |  3.1
Shields        | 1 2 |  2.3
Armour         | 1 2 |  2.3
Fighting       | |  0.9
Stealth        | |  2.1

Action                   |  1- 3 |  4- 6 |  7- 9 || total
-------------------------+-------+-------+-------++-------
Melee: Unarmed           |    22 |       |       ||    22
       Flail             |       |    18 |     8 ||    26
 Cast: Pain              |    60 |   106 |    86 ||   252
       Vampiric Draining |       |     1 |     3 ||     4
  Use: Scroll            |       |       |     4 ||     4
Armor: Robe              |     5 |       |       ||     5
       Leather armour    |    10 |    11 |       ||    21
       Ring mail         |       |       |    42 ||    42
Dodge: Dodged            |    20 |    18 |    42 ||    80
Block: Other             |     3 |     5 |       ||     8
       Buckler           |       |     3 |    10 ||    13

Table legend: (Time is in decaauts)
 A = Elapsed time spent in this place.
 B = Non-inter-level travel time spent in this place.
 C = Inter-level travel time spent in this place.
 D = Time resting spent in this place.
 E = Time spent auto-exploring this place.
 F = Levels seen in this place.
 G = Mean time per level.
                   A        B        C        D        E       F      G
               +--------+--------+--------+--------+--------+-----+--------+
         Total |   8415 |   8218 |    197 |   1584 |   5467 |   7 | 1202.1 |
       Dungeon |   7580 |   7468 |    112 |   1376 |   4985 |   6 | 1263.3 |
        Temple |    835 |    750 |     85 |    208 |    482 |   1 |  835.0 |
               +--------+--------+--------+--------+--------+-----+--------+

Top non-repeatable levels by time:
     D:4: 1575 daAuts
     D:1: 1573 daAuts
     D:3: 1286 daAuts
     D:2: 1281 daAuts
     D:5: 1245 daAuts
  Temple: 835 daAuts
     D:6: 619 daAuts
